General information
- name: BNet
- type: Ladder team game (AT/RT)
- host: Battle.net
- saver: wig-uncle
map: Monsoon
- players: 6
- length: 45:04
- speed: Fast
- version: 1.27 W3XP
- replay type:

» download(447 KB)
Players
team 1 (loser)
FreQy (
purple | 108 APM | 4809 actions | 44:43)
6 Blademaster
3 Critical Strike
2 Wind Walk
1 Bladestorm
7 Tauren Chieftain
3 Endurance Aura
3 Shockwave
1 War Stomp
» actions
| Assign group hotkey | 94 | |
| Basic commands | 176 | |
| Build / train | 130 | |
| ESC pressed | 1 | |
| Enter build submenu | 39 | |
| Enter hero's abilities submenu | 12 | |
| Give item / drop item | 3 | |
| Right click | 2141 | |
| Select / deselect | 651 | |
| Select group hotkey | 1194 | |
| Use ability | 368 | |
4809 total
» units
| Peon | 30 | |
| Grunt | 5 | |
| Spirit Walker | 7 | |
| Tauren | 4 | |
| Shaman | 2 | |
| Demolisher | 7 | |
| Troll Batrider | 17 | |
72 total
» upgrades
| Armor | 2 | |
| Shaman Training | 3 | |
| Spirit Walker Training | 2 | |
| Melee Weapons | 1 | |
| Pulverize | 1 | |
| Burning Oil | 1 | |
| Ranged Weapons | 2 | |
| Reinforced Defenses | 1 | |
13 total
» buildings
| Altar of Storms | 1 | |
| Barracks | 2 | |
| Orc Burrow | 10 | |
| War Mill | 1 | |
| Voodoo Lounge | 2 | |
| Stronghold | 1 | |
| Great Hall | 3 | |
| Spirit Lodge | 2 | |
| Watch Tower | 12 | |
| Fortress | 3 | |
| Tauren Totem | 2 | |
| Beastiary | 3 | |
42 total
» build order
00:07 Altar of Storms
00:12 Barracks
00:28 Orc Burrow
01:50 Orc Burrow
02:11 War Mill
02:48 Voodoo Lounge
03:02 Orc Burrow
04:06 Stronghold
04:57 Orc Burrow
06:05 Great Hall
07:18 Spirit Lodge
07:21 Spirit Lodge
07:54 Watch Tower
07:54 Watch Tower
08:07 Fortress
08:08 Fortress
10:38 Tauren Totem
10:42 Tauren Totem
11:20 Orc Burrow
14:39 Orc Burrow
18:00 Watch Tower
18:11 Watch Tower
18:14 Watch Tower
18:20 Watch Tower
19:36 Barracks
22:14 Orc Burrow
22:19 Great Hall
22:30 Watch Tower
22:54 Orc Burrow
22:56 Orc Burrow
24:43 Beastiary
24:47 Great Hall
27:25 Watch Tower
30:38 Watch Tower
30:41 Orc Burrow
30:43 Watch Tower
34:44 Voodoo Lounge
36:27 Watch Tower
36:29 Watch Tower
42:09 Beastiary
42:10 Beastiary
» items
| Lesser Clarity Potion | 1 | |
| Healing Salve | 3 | |
| Scroll of Healing | 3 | |
| Scroll of Protection | 3 | |
| Potion of Lesser Invulnerability | 2 | |
| Orb of Lightning | 1 | |
| Potion of Healing | 2 | |
| Tome of Retraining | 1 | |
| Scroll of Town Portal | 1 | |
17 total
Miou (
green | 165 APM | 7394 actions | 44:53)
6 Death Knight
3 Death Coil
3 Unholy Aura
5 Lich
3 Frost Nova
2 Dark Ritual
4 Dark Ranger
2 Silence
2 Life Drain
» actions
| Assign group hotkey | 71 | |
| Basic commands | 85 | |
| Build / train | 140 | |
| Enter build submenu | 33 | |
| Enter hero's abilities submenu | 15 | |
| Give item / drop item | 10 | |
| Remove unit from queue | 14 | |
| Right click | 3896 | |
| Select / deselect | 994 | |
| Select group hotkey | 1792 | |
| Use ability | 342 | |
7394 total
» units
| Acolyte | 8 | |
| Ghoul | 2 | |
| Crypt Fiend | 8 | |
| Obsidian Statue | 1 | |
| Frost Wyrm | 7 | |
| Meatwagon | 6 | |
| Gargoyle | 2 | |
34 total
» upgrades
| Creature Attack | 3 | |
| Burrow | 1 | |
| Web | 1 | |
| Destroyer Form | 1 | |
| Creature Carapace | 3 | |
| Freezing Breath | 1 | |
| Unholy Strength | 3 | |
| Unholy Armor | 1 | |
14 total
» buildings
| Graveyard | 1 | |
| Crypt | 4 | |
| Altar of Darkness | 2 | |
| Ziggurat | 12 | |
| Tomb of Relics | 2 | |
| Halls of the Dead | 3 | |
| Black Citadel | 2 | |
| Necropolis | 2 | |
| Slaughterhouse | 2 | |
| Nerubian Tower | 4 | |
| Spirit Tower | 8 | |
| Sacrificial Pit | 1 | |
| Boneyard | 3 | |
46 total
» build order
00:10 Graveyard
00:12 Crypt
00:47 Altar of Darkness
01:04 Ziggurat
01:35 Tomb of Relics
02:07 Ziggurat
04:05 Halls of the Dead
04:05 Halls of the Dead
04:40 Ziggurat
05:17 Ziggurat
07:34 Black Citadel
08:46 Necropolis
08:53 Slaughterhouse
08:56 Nerubian Tower
09:10 Ziggurat
09:46 Ziggurat
10:22 Nerubian Tower
10:24 Ziggurat
10:25 Tomb of Relics
10:48 Spirit Tower
10:48 Spirit Tower
10:49 Spirit Tower
11:29 Sacrificial Pit
12:50 Spirit Tower
12:51 Spirit Tower
12:54 Boneyard
12:55 Boneyard
13:40 Boneyard
14:40 Ziggurat
14:43 Ziggurat
16:03 Crypt
28:29 Slaughterhouse
31:50 Spirit Tower
37:33 Necropolis
42:46 Crypt
42:53 Crypt
43:41 Altar of Darkness
43:43 Ziggurat
43:44 Ziggurat
43:46 Ziggurat
» items
| Rod of Necromancy | 5 | |
| Dust of Appearance | 2 | |
| Orb of Corruption | 2 | |
| Potion of Mana | 2 | |
| Potion of Healing | 4 | |
| Scroll of Town Portal | 3 | |
18 total
ValarMorghulis (
teal | 150 APM | 6753 actions | 44:58)
6 Demon Hunter
3 Mana Burn
2 Evasion
1 Metamorphosis
5 Keeper of the Grove
3 Entangling Roots
2 Thorns Aura
3 Priestess of the Moon
2 Trueshot Aura
1 Scout
» actions
| Assign group hotkey | 49 | |
| Basic commands | 8 | |
| Build / train | 106 | |
| Enter build submenu | 26 | |
| Enter hero's abilities submenu | 15 | |
| Give item / drop item | 4 | |
| Remove unit from queue | 2 | |
| Right click | 3343 | |
| Select / deselect | 1205 | |
| Select group hotkey | 1855 | |
| Use ability | 140 | |
6753 total
» units
| Wisp | 33 | |
| Archer | 6 | |
| Dryad | 4 | |
| Hippogryph | 12 | |
| Chimaera | 3 | |
| Glaive Thrower | 7 | |
| Druid of the Claw | 2 | |
67 total
» upgrades
| Strength of the Wild | 3 | |
| Reinforced Hides | 3 | |
| Abolish Magic | 1 | |
| Corrosive Breath | 1 | |
| Ultravision | 1 | |
| Strength of the Moon | 2 | |
| Moon Armor | 1 | |
| Druid of the Claw Training | 2 | |
14 total
» buildings
| Altar of Elders | 1 | |
| Moon Well | 8 | |
| Ancient of War | 1 | |
| Tree of Ages | 1 | |
| Tree of Life | 3 | |
| Hunter's Hall | 1 | |
| Ancient of Wind | 4 | |
| Ancient of Wonders | 1 | |
| Tree of Eternity | 1 | |
| Ancient of Lore | 2 | |
| Chimaera Roost | 2 | |
| Ancient Protector | 8 | |
33 total
» build order
00:08 Altar of Elders
00:18 Moon Well
01:01 Ancient of War
01:27 Moon Well
02:56 Tree of Ages
04:38 Tree of Life
05:01 Moon Well
06:07 Hunter's Hall
06:49 Ancient of Wind
06:52 Ancient of Wonders
07:51 Tree of Eternity
08:53 Ancient of Lore
08:54 Ancient of Lore
10:27 Chimaera Roost
10:28 Chimaera Roost
10:53 Moon Well
10:54 Moon Well
10:55 Moon Well
10:56 Moon Well
10:57 Moon Well
11:04 Ancient of Wind
15:54 Tree of Life
16:00 Ancient Protector
16:02 Ancient Protector
16:03 Ancient Protector
16:03 Ancient Protector
16:03 Ancient Protector
18:15 Ancient Protector
18:16 Ancient Protector
22:16 Tree of Life
42:36 Ancient of Wind
43:48 Ancient of Wind
» items
| Orb of Venom | 1 | |
| Dust of Appearance | 1 | |
| Boots of Speed | 1 | |
| Scroll of Town Portal | 1 | |
4 total
team 2 (winner)
AltarOfGorps (
orange | 98 APM | 4414 actions | 44:59)
6 Warden
3 Shadow Strike
2 Blink
1 Spirit of Vengeance
» actions
| Assign group hotkey | 203 | |
| Basic commands | 52 | |
| Build / train | 114 | |
| ESC pressed | 4 | |
| Enter build submenu | 25 | |
| Enter hero's abilities submenu | 6 | |
| Give item / drop item | 4 | |
| Remove unit from queue | 2 | |
| Right click | 2684 | |
| Select / deselect | 558 | |
| Select group hotkey | 509 | |
| Use ability | 253 | |
4414 total
» units
| Wisp | 53 | |
| Chimaera | 14 | |
| Hippogryph | 8 | |
75 total
» upgrades
| Strength of the Wild | 3 | |
| Well Spring | 1 | |
| Reinforced Hides | 3 | |
| Corrosive Breath | 1 | |
| Ultravision | 1 | |
| Strength of the Moon | 1 | |
| Moon Armor | 1 | |
11 total
» buildings
| Altar of Elders | 2 | |
| Moon Well | 12 | |
| Tree of Ages | 2 | |
| Hunter's Hall | 1 | |
| Tree of Eternity | 3 | |
| Tree of Life | 1 | |
| Ancient of Wind | 2 | |
| Chimaera Roost | 3 | |
| Ancient of Wonders | 1 | |
27 total
» build order
00:20 Altar of Elders
00:23 Altar of Elders
00:25 Moon Well
01:51 Moon Well
04:34 Tree of Ages
04:46 Hunter's Hall
06:57 Tree of Eternity
07:06 Tree of Life
07:27 Ancient of Wind
08:05 Moon Well
08:05 Moon Well
09:20 Chimaera Roost
09:22 Chimaera Roost
09:28 Chimaera Roost
12:59 Moon Well
13:00 Moon Well
13:09 Moon Well
13:11 Moon Well
17:20 Ancient of Wonders
17:56 Moon Well
17:56 Moon Well
27:34 Moon Well
27:35 Moon Well
36:47 Ancient of Wind
» items
| Boots of Speed | 1 | |
| Staff of Teleportation | 1 | |
| Orb of Lightning | 1 | |
| Lesser Clarity Potion | 2 | |
| Healing Salve | 2 | |
| Staff of Sanctuary | 1 | |
| Scroll of Town Portal | 2 | |
10 total
hammerhugs (
blue | 117 APM | 5254 actions | 44:59)
3 Archmage
2 Blizzard
1 Brilliance Aura
3 Blood Mage
2 Flame Strike
1 Siphon Mana
4 Pit Lord
2 Rain of Fire
2 Cleaving Attack
» actions
| Assign group hotkey | 489 | |
| Basic commands | 89 | |
| Build / train | 209 | |
| Enter build submenu | 147 | |
| Enter hero's abilities submenu | 11 | |
| Give item / drop item | 7 | |
| Remove unit from queue | 10 | |
| Right click | 2428 | |
| Select / deselect | 814 | |
| Select group hotkey | 658 | |
| Use ability | 392 | |
5254 total
» units
| Peasant | 50 | |
| Dragonhawk Rider | 1 | |
| Gryphon Rider | 18 | |
69 total
» upgrades
| Masonry | 3 | |
| Magic Sentry | 1 | |
| Lumber Harvesting | 2 | |
| Swords | 3 | |
| Armor | 3 | |
| Animal War Training | 1 | |
13 total
» buildings
| Altar of Kings | 1 | |
| Farm | 10 | |
| Lumber Mill | 1 | |
| Scout Tower | 142 | |
| Arcane Tower | 15 | |
| Guard Tower | 67 | |
| Keep | 1 | |
| Arcane Vault | 3 | |
| Town Hall | 3 | |
| Arcane Sanctum | 1 | |
| Castle | 4 | |
| Gryphon Aviary | 2 | |
| Barracks | 2 | |
| Blacksmith | 1 | |
253 total
» build order
00:06 Altar of Kings
00:18 Farm
00:34 Farm
00:50 Lumber Mill
00:57 Scout Tower
01:09 Scout Tower
01:13 Scout Tower
01:30 Arcane Tower
01:35 Scout Tower
01:50 Scout Tower
01:53 Guard Tower
02:03 Arcane Tower
02:06 Guard Tower
02:10 Scout Tower
02:21 Guard Tower
02:22 Scout Tower
02:36 Scout Tower
02:37 Guard Tower
02:46 Scout Tower
02:57 Guard Tower
03:03 Guard Tower
03:30 Scout Tower
03:31 Scout Tower
04:03 Guard Tower
04:05 Scout Tower
04:12 Guard Tower
04:22 Guard Tower
04:24 Scout Tower
04:25 Scout Tower
04:31 Scout Tower
04:31 Scout Tower
04:32 Guard Tower
04:51 Guard Tower
05:38 Guard Tower
05:41 Scout Tower
05:42 Scout Tower
05:44 Keep
05:51 Guard Tower
05:58 Arcane Vault
06:03 Farm
07:00 Guard Tower
07:02 Arcane Vault
07:05 Town Hall
07:17 Scout Tower
07:17 Scout Tower
08:09 Arcane Sanctum
08:39 Scout Tower
08:40 Scout Tower
08:42 Guard Tower
08:44 Scout Tower
08:51 Castle
08:52 Castle
08:52 Castle
09:04 Scout Tower
09:05 Scout Tower
09:06 Scout Tower
09:07 Scout Tower
09:10 Arcane Tower
09:33 Guard Tower
09:35 Scout Tower
09:35 Scout Tower
10:04 Guard Tower
10:21 Scout Tower
10:23 Scout Tower
10:33 Guard Tower
10:33 Guard Tower
10:33 Guard Tower
10:39 Scout Tower
10:40 Guard Tower
10:43 Scout Tower
11:04 Arcane Tower
11:04 Guard Tower
11:09 Scout Tower
11:10 Scout Tower
11:44 Arcane Tower
11:52 Arcane Vault
12:07 Arcane Tower
12:10 Guard Tower
12:12 Scout Tower
12:13 Scout Tower
12:15 Guard Tower
12:19 Scout Tower
12:21 Scout Tower
12:21 Scout Tower
12:22 Scout Tower
13:02 Scout Tower
13:12 Guard Tower
13:14 Scout Tower
13:15 Scout Tower
13:18 Guard Tower
13:24 Scout Tower
13:35 Guard Tower
13:42 Gryphon Aviary
13:44 Barracks
13:47 Blacksmith
13:59 Scout Tower
14:00 Scout Tower
14:12 Scout Tower
14:23 Guard Tower
14:36 Scout Tower
14:38 Scout Tower
15:15 Guard Tower
15:16 Scout Tower
15:18 Arcane Tower
15:23 Scout Tower
15:24 Scout Tower
15:28 Scout Tower
15:29 Scout Tower
15:32 Scout Tower
15:32 Scout Tower
15:36 Scout Tower
15:37 Scout Tower
15:42 Scout Tower
15:42 Scout Tower
15:50 Arcane Tower
16:31 Guard Tower
17:32 Scout Tower
17:48 Arcane Tower
17:48 Guard Tower
17:57 Arcane Tower
17:58 Guard Tower
18:02 Town Hall
18:04 Scout Tower
18:05 Scout Tower
18:06 Scout Tower
18:06 Scout Tower
18:07 Scout Tower
18:07 Scout Tower
18:09 Scout Tower
18:10 Scout Tower
18:15 Scout Tower
18:15 Scout Tower
18:29 Guard Tower
18:30 Scout Tower
18:32 Scout Tower
19:00 Guard Tower
19:06 Arcane Tower
19:07 Guard Tower
19:18 Scout Tower
19:30 Scout Tower
19:31 Scout Tower
20:17 Guard Tower
20:43 Guard Tower
20:46 Scout Tower
20:47 Scout Tower
21:21 Guard Tower
21:23 Scout Tower
21:26 Scout Tower
21:57 Arcane Tower
22:03 Scout Tower
22:06 Guard Tower
22:09 Scout Tower
22:09 Scout Tower
22:12 Scout Tower
22:13 Scout Tower
22:14 Scout Tower
22:41 Guard Tower
23:03 Scout Tower
23:04 Scout Tower
23:05 Scout Tower
23:06 Guard Tower
23:38 Guard Tower
24:47 Scout Tower
25:07 Scout Tower
25:16 Scout Tower
25:19 Arcane Tower
25:20 Guard Tower
25:32 Scout Tower
25:48 Guard Tower
25:50 Scout Tower
25:57 Scout Tower
26:08 Scout Tower
26:20 Guard Tower
26:25 Guard Tower
26:37 Scout Tower
26:38 Scout Tower
26:38 Scout Tower
26:39 Guard Tower
27:05 Guard Tower
27:13 Scout Tower
27:28 Scout Tower
27:31 Guard Tower
27:46 Guard Tower
27:55 Guard Tower
28:17 Scout Tower
28:28 Scout Tower
28:36 Scout Tower
28:37 Guard Tower
28:39 Scout Tower
28:57 Guard Tower
28:58 Scout Tower
29:07 Scout Tower
29:08 Scout Tower
29:28 Guard Tower
29:31 Scout Tower
29:33 Scout Tower
29:38 Scout Tower
29:48 Scout Tower
29:52 Scout Tower
29:55 Arcane Tower
30:16 Guard Tower
30:17 Scout Tower
30:19 Scout Tower
30:21 Guard Tower
30:23 Scout Tower
30:24 Scout Tower
30:26 Scout Tower
30:29 Scout Tower
30:31 Scout Tower
30:34 Guard Tower
30:36 Scout Tower
30:37 Scout Tower
30:57 Guard Tower
31:28 Guard Tower
31:32 Scout Tower
31:33 Scout Tower
31:50 Scout Tower
31:50 Scout Tower
32:21 Guard Tower
32:24 Scout Tower
32:29 Scout Tower
32:30 Scout Tower
32:49 Scout Tower
32:50 Scout Tower
33:07 Scout Tower
33:09 Arcane Tower
33:11 Scout Tower
33:12 Scout Tower
33:13 Guard Tower
33:30 Guard Tower
33:36 Guard Tower
33:37 Scout Tower
33:43 Guard Tower
34:01 Scout Tower
34:20 Guard Tower
34:31 Guard Tower
34:46 Scout Tower
34:47 Scout Tower
34:51 Guard Tower
34:53 Scout Tower
36:40 Gryphon Aviary
36:42 Barracks
37:34 Farm
37:35 Farm
37:35 Farm
37:36 Farm
37:36 Farm
37:37 Farm
43:17 Town Hall
44:00 Farm
44:15 Scout Tower
44:17 Scout Tower
» items
| Dust of Appearance | 1 | |
| Boots of Speed | 3 | |
| Staff of Teleportation | 3 | |
| Healing Salve | 2 | |
| Scroll of Speed | 1 | |
| Orb of Lightning | 3 | |
| Staff of Sanctuary | 3 | |
16 total
wig-uncle (
pink | 152 APM | 6856 actions | 45:04)
8 Blademaster
3 Wind Walk
3 Critical Strike
1 Bladestorm
1 Mirror Image
» actions
| Assign group hotkey | 31 | |
| Basic commands | 52 | |
| Build / train | 103 | |
| Enter build submenu | 44 | |
| Enter hero's abilities submenu | 8 | |
| Give item / drop item | 1 | |
| Remove unit from queue | 13 | |
| Right click | 4605 | |
| Select / deselect | 483 | |
| Select group hotkey | 1145 | |
| Use ability | 369 | |
6856 total
» units
| Peon | 10 | |
| Troll Batrider | 38 | |
| Raider | -6 | |
| Wind Rider | 8 | |
| Shaman | 2 | |
52 total
» upgrades
| Liquid Fire | 1 | |
| Reinforced Defenses | 1 | |
| Ranged Weapons | 3 | |
| Armor | 3 | |
| Envenomed Spears | 1 | |
| Shaman Training | 2 | |
11 total
» buildings
| Altar of Storms | 1 | |
| Orc Burrow | 8 | |
| War Mill | 1 | |
| Voodoo Lounge | 3 | |
| Watch Tower | 34 | |
| Stronghold | 2 | |
| Beastiary | 4 | |
| Fortress | 2 | |
| Great Hall | 1 | |
| Spirit Lodge | 1 | |
57 total
» build order
00:06 Altar of Storms
00:18 Orc Burrow
00:33 War Mill
01:27 Voodoo Lounge
01:46 Watch Tower
02:15 Watch Tower
02:33 Watch Tower
02:36 Watch Tower
02:53 Watch Tower
04:04 Watch Tower
04:04 Watch Tower
04:13 Watch Tower
04:13 Watch Tower
04:20 Stronghold
04:21 Stronghold
04:50 Watch Tower
04:52 Watch Tower
04:59 Orc Burrow
05:00 Orc Burrow
06:11 Watch Tower
06:12 Watch Tower
06:44 Beastiary
06:54 Beastiary
07:18 Watch Tower
07:20 Watch Tower
07:21 Watch Tower
07:53 Beastiary
07:59 Watch Tower
08:00 Watch Tower
08:40 Fortress
08:41 Fortress
09:02 Voodoo Lounge
09:04 Voodoo Lounge
10:40 Orc Burrow
10:52 Watch Tower
10:53 Watch Tower
10:53 Watch Tower
10:54 Watch Tower
12:20 Great Hall
14:19 Watch Tower
14:21 Watch Tower
19:13 Watch Tower
19:14 Watch Tower
19:14 Watch Tower
19:15 Watch Tower
22:57 Beastiary
29:04 Watch Tower
29:05 Watch Tower
29:05 Watch Tower
29:06 Watch Tower
29:07 Watch Tower
29:07 Watch Tower
37:14 Orc Burrow
37:21 Orc Burrow
37:22 Orc Burrow
37:24 Orc Burrow
37:26 Spirit Lodge
» items
| Healing Salve | 1 | |
| Lesser Clarity Potion | 3 | |
| Boots of Speed | 1 | |
| Staff of Teleportation | 1 | |
| Orb of Lightning | 1 | |
| Scroll of Town Portal | 1 | |
| Scroll of Healing | 1 | |
9 total
Chat log
(00:07 / All) hammerhugs: h
(00:08 / All) hammerhugs: gl hf
(00:08 / All) wig-uncle: hi
(00:13 / All) Miou: heya
(36:46 / All) FreQy: are u the streamers ?
(43:12 / All) Miou: noobs
(44:47 / All) hammerhugs: check our stream
(44:51 / All) hammerhugs: twitch.tv/timg4strok
(44:52 / All) Miou: l2p
(44:57 / All) hammerhugs: nice loss noobs